 Dungeon Crawl Stone Soup version 0.31-a0-875-g02e7d12df6 (webtiles) character file.

Game seed: 13784876712204906142

214 Shayle the Ruffian (level 6, 0/46 HPs)
             Began as a Human Shapeshifter on Oct 12, 2023.
             Slain by an orc
             ... wielding a +0 dagger
              (2 damage)
             ... on level 3 of the Dungeon.
             The game lasted 00:04:09 (1725 turns).

Shayle the Ruffian (Human Shapeshifter)             Turns: 1725, Time: 00:04:10

Health: 0/46       AC:  5    Str: 13    XL:     6   Next: 14%
Magic:  6/6        EV: 11    Int: 16    God:
Gold:   58         SH: 10    Dex: 12    Spells: 5/5 levels left

rFire   . .          .
                       - Unarmed
rCold   . . .        q - +0 tower shield
rNeg    . . .        o - +0 ring mail
rPois   .            (helmet currently unavailable)
rElec   .            (cloak currently unavailable)
rCorr   .            (gloves currently unavailable)
SInv    .            (boots currently unavailable)
Will    .....        (no amulet)
Stlth   +            k - +5 ring of evasion
HPRegen 0.27/turn    (no ring)
MPRegen 0.10/turn

%: no passive effects
@: beast-form
A: beast (slay +2), horns 1, clever 1
a: Begin Untransformation


You were on level 3 of the Dungeon.
You were a hulking beast.
You visited 1 branch of the dungeon, and saw 3 of its levels.

You collected 58 gold pieces.

Inventory:

Armour
 a - a +0 animal skin
 o - a +0 ring mail (worn)
 q - a +0 tower shield (worn)
Jewellery
 k - a +5 ring of evasion (left hand)
 n - a ring of wizardry
Talismans
 c - a beast talisman (active)
 d - a flux talisman
Scrolls
 b - 3 scrolls of noise {unknown}
 e - a scroll of enchant weapon {unknown}
 f - 3 scrolls of teleportation
 g - a scroll of revelation {unknown}
 h - a scroll of torment {unknown}
 i - a scroll of vulnerability {unknown}
 j - a scroll of identify {unknown}
 l - 3 scrolls of amnesia {unknown}
 r - a scroll of enchant armour {unknown}
Potions
 m - a potion of might {unknown}
 p - a potion of brilliance {unknown}


   Skills:
 + Level 2.8 Fighting
 + Level 3.3 Dodging
 + Level 0.0 Shields
 + Level 4.0 Unarmed Combat
 + Level 3.9 Shapeshifting


You had 5 spell levels left.
You didn't know any spells.
Your spell library was empty.

Dungeon Overview and Level Annotations

Branches:
Dungeon (3/15)

Altars:


Innate Abilities, Weirdness & Mutations

You are a hulking beast.
Your limbs bulge with bestial killing power. (Slay +2)
You have a pair of small horns on your head.
Your mind is acute. (Int +4, Str/Dex -1)


Message History

The orc priest calls down the wrath of Beogh upon you.
Beogh smites you! The orc barely misses you.
You hit the orc priest.
The orc priest is lightly wounded.
You block the orc priest's attack. The orc hits you with a +0 dagger.
The orc hits you but does no damage.
The orc priest hits you with a +0 hand axe.
The orc closely misses you. You block the orc's attack.
You hit the orc priest.
You headbutt the orc priest, but do no damage.
The orc priest is moderately wounded.
The orc hits you but does no damage. You block the orc's attack.
You block the orc priest's attack.
You hit the orc priest.
The orc priest is heavily wounded.
The orc closely misses you. You block the orc's attack.
The orc priest calls down the wrath of Beogh upon you.
Beogh smites you!
The orc priest hits you with a +0 hand axe.
The orc hits you but does no damage. The orc hits you with a +0 club.
* * * LOW HITPOINT WARNING * * *
Okay, then.
You hit the orc priest but do no damage.
The orc priest is heavily wounded.
You block the orc's attack. The orc priest barely misses you.
The orc hits you with a +0 club.
* * * LOW HITPOINT WARNING * * *
You hit the orc priest. Your headbutt misses the orc priest.
The orc priest is severely wounded.
You block the orc's attack. The orc completely misses you.
You block the orc priest's attack.
You hit the orc priest.
The orc priest is almost dead.
The orc closely misses you. You block the orc's attack.
The orc priest looks braver for a moment.
The orc priest calls down the wrath of Beogh upon you.
Pain shoots through your body!
* * * LOW HITPOINT WARNING * * *
The orc closely misses you. The orc hits you with a +0 dagger.
You die...

.>.#########
#...........#
#.....[.....+
#...........#
#...........#
#...........#
#..........$#
#.....oo....####.#
#.....oh.........#
#............#####
##########+#.#
#.#.###########
#.#.)......)...
#.############# #..
#.#.....#....#. #...
#.#.###.#.####.
#...#######<#.##...†.....


You could see an orc priest and 2 orcs.

Vanquished Creatures
  Sigmund (D:2)
  A worm (D:2)
  A dart slug (D:1)
  An orc (D:3)
  5 ball pythons
  4 bats
  6 endoplasms
  2 giant cockroaches
  5 goblins
  2 hobgoblins (D:1)
  2 kobolds (D:1)
  A quokka (D:2)
  4 frilled lizards
  3 rats
38 creatures vanquished.

Notes
Turn   | Place    | Note
-------+----------+-------------------------------------------
     0 | D:1      | Shayle the Human Shapeshifter began the quest for the Orb.
     0 | D:1      | Reached XP level 1. HP: 15/15 MP: 1/1
   113 | D:1      | Found a faded altar of an unknown god.
   206 | D:1      | Reached XP level 2. HP: 21/21 MP: 2/2
   510 | D:1      | Reached XP level 3. HP: 26/26 MP: 3/3
   913 | D:2      | Noticed Sigmund
   926 | D:2      | Gained mutation: Your mind is acute. (Int +4, Str/Dex -1)
                  | [potion of mutation]
   926 | D:2      | Gained mutation: You have a pair of small horns on your
                  | head. [potion of mutation]
   935 | D:2      | Killed Sigmund
   936 | D:2      | Reached skill level 4 in Unarmed Combat
   936 | D:2      | Reached XP level 4. HP: 34/34 MP: 4/4
   936 | D:2      | Reached XP level 5. HP: 39/39 MP: 5/5
   936 | D:2      | Reached XP level 6. HP: 46/46 MP: 6/6
  1725 | D:3      | HP: 2/46 [orc priest/nerve-wracking pain (11)]
  1725 | D:3      | Slain by an orc

Illustrated notes

Levels and vault maps discovered:
D:1:      minmay_arrival_jagged, layout_basic, shapermc_ecumenical_altar_venn,
          chequers_garden, nicolae_the_louvre
D:2:      kb_forest_paths, layout_loops_ring, nicolae_figureground_pulse,
          uniq_sigmund
D:3:      layout_basic, st_stairs_5, hex_medium, uniq_natasha

Skill      XL: |  1  2  3 |
---------------+----------+-----
Fighting       | 2 |  2.8
Dodging        | 3 |  3.3
Unarmed Combat | 4 |  4.0
Shapeshifting  | |  3.9

Action                     |  1- 3 |  4- 6 || total
---------------------------+-------+-------++-------
  Melee: Unarmed           |    59 |    39 ||    98
         Punch             |     1 |     2 ||     3
         Headbutt          |       |     8 ||     8
    Use: Scroll            |     1 |       ||     1
         Potion            |     3 |       ||     3
   Stab: Sleeping          |     2 |       ||     2
 Armour: Animal skin       |    20 |     7 ||    27
         Skin              |     1 |       ||     1
         Ring mail         |       |    14 ||    14
  Dodge: Dodged            |    29 |    22 ||    51
  Block: Tower shield      |       |    16 ||    16

Table legend: (Time is in decaauts)
 A = Elapsed time spent in this place.
 B = Non-inter-level travel time spent in this place.
 C = Inter-level travel time spent in this place.
 D = Time resting spent in this place.
 E = Time spent auto-exploring this place.
 F = Levels seen in this place.
 G = Mean time per level.
                   A        B        C        D        E       F      G
               +--------+--------+--------+--------+--------+-----+--------+
         Total |   1726 |   1692 |     34 |     34 |   1242 |   3 |  575.3 |
       Dungeon |   1726 |   1692 |     34 |     34 |   1242 |   3 |  575.3 |
               +--------+--------+--------+--------+--------+-----+--------+

Top non-repeatable levels by time:
     D:1: 789 daAuts
     D:2: 771 daAuts
     D:3: 165 daAuts
